| TOP OF THE 1ST |
|
St. Louis Cardinals batting - Pitching for San Francisco Giants : LHP Floyd Bannister
|
|
Pitching: LHP Floyd Bannister
|
|
|
Batting: SHB Otis Nixon
|
0-0: Called Strike 0-1: Foul Ball, location: 2F 0-2: Strikes out swinging
|
|
Batting: LHB Jim Gantner
|
0-0: Called Strike 0-1: Foul Ball, location: 2F 0-2: Strikes out swinging
|
|
Batting: RHB Sixto Lezcano
|
0-0: Called Strike 0-1: Ball 1-1: Ball 2-1: Foul Ball, location: 2F 2-2: Strikes out swinging
|
| Top of the 1st over - 0 runs, 0 hits, 0 errors, 0 left on base; St. Louis 0 - San Francisco 0 |
| BOTTOM OF THE 1ST |
|
San Francisco Giants batting - Pitching for St. Louis Cardinals : RHP Tom Candiotti
|
|
Pitching: RHP Tom Candiotti
|
|
|
Batting: SHB Kevin Bass
|
0-0: Fly out, F8 (Flyball, 8RM, EV 90.6 MPH)
|
|
Batting: LHB Ken Griffey Sr
|
0-0: Ball 1-0: Foul Ball, location: 2F 1-1: Foul Ball, location: 2F 1-2: Fly out, F8 (Flyball, 8RXD, EV 81.3 MPH)
|
|
Batting: LHB Keith Hernandez
|
0-0: Ball 1-0: SINGLE (Groundball, 4D, EV 103.8 MPH)
|
|
Batting: RHB Phil Bailey
|
0-0: Ball 1-0: Foul Ball, location: 2F 1-1: Fielders Choice at 2nd, 6-4 (Groundball, 6, EV 89.4 MPH)
|
| Bottom of the 1st over - 0 runs, 1 hit, 0 errors, 1 left on base; St. Louis 0 - San Francisco 0 |
| TOP OF THE 2ND |
|
St. Louis Cardinals batting - Pitching for San Francisco Giants : LHP Floyd Bannister
|
|
Batting: RHB Bob Watson
|
0-0: Swinging Strike 0-1: Ball 1-1: Ball 2-1: Swinging Strike 2-2: Fly out, F9 (Line Drive, 9D, EV 102.5 MPH)
|
|
Batting: RHB Joe Torre
|
0-0: Ball 1-0: DOUBLE (Line Drive, 9LM, EV 106.9 MPH)
|
|
Batting: LHB Pat Putnam
|
0-0: Ball 1-0: Foul Ball, location: 2F 1-1: SINGLE (Line Drive, 9S, EV 111.3 MPH) Joe Torre to third Runner from 3rd tries for Home, SAFE, throw by RF to home
|
|
Batting: RHB Pascual D'Annunzio
|
0-0: Foul Ball, location: 2F 0-1: Ball 1-1: Ball 2-1: Foul Ball, location: 2F 2-2: Ground out 5-3 (Groundball, 56S, EV 68.1 MPH) Pat Putnam to second
|
|
Batting: RHB Steve Lubratich
|
0-0: Ball 1-0: Ground out 5-3 (Groundball, 56S, EV 68.1 MPH)
|
| Top of the 2nd over - 1 run, 2 hits, 0 errors, 1 left on base; St. Louis 1 - San Francisco 0 |
| BOTTOM OF THE 2ND |
|
San Francisco Giants batting - Pitching for St. Louis Cardinals : RHP Tom Candiotti
|
|
Batting: RHB Dickie Thon
|
0-0: Ball 1-0: Ground out 1-3 (Groundball, P, EV 64.4 MPH)
|
|
Batting: SHB Tyler O'Dell
|
0-0: Swinging Strike 0-1: Called Strike 0-2: Ball 1-2: Foul Ball, location: 2F 1-2: Ball 2-2: Ball 3-2: Base on Balls
|
|
Batting: SHB Larry Reynolds
|
0-0: Ball 1-0: Fielders Choice at 2nd, 3-6 (Groundball, 3, EV 80.0 MPH)
|
|
Batting: LHB James Durrman
|
0-0: Ball 1-0: Fly out, F5 (Popup, 5S, EV 78.1 MPH)
|
| Bottom of the 2nd over - 0 runs, 0 hits, 0 errors, 1 left on base; St. Louis 1 - San Francisco 0 |
| TOP OF THE 3RD |
|
St. Louis Cardinals batting - Pitching for San Francisco Giants : LHP Floyd Bannister
|
|
Batting: RHB Tom Candiotti
|
0-0: Called Strike 0-1: Fly out, F5 (Line Drive, 5, EV 70.6 MPH)
|
|
Batting: SHB Otis Nixon
|
0-0: Ball 1-0: Called Strike 1-1: Called Strike 1-2: Ball 2-2: Strikes out swinging
|
|
Batting: LHB Jim Gantner
|
0-0: Called Strike 0-1: Ball 1-1: Ball 2-1: Ball 3-1: Foul Ball, location: 2F 3-2: Foul Ball, location: 2F 3-2: Ground out 5-3 (Groundball, 25, EV 93.1 MPH)
|
| Top of the 3rd over - 0 runs, 0 hits, 0 errors, 0 left on base; St. Louis 1 - San Francisco 0 |
| BOTTOM OF THE 3RD |
|
San Francisco Giants batting - Pitching for St. Louis Cardinals : RHP Tom Candiotti
|
|
Batting: LHB Floyd Bannister
|
0-0: Foul Ball, location: 2F 0-1: Called Strike 0-2: Ball 1-2: Foul Ball, location: 2F 1-2: Foul Ball, location: 2F 1-2: Strikes out swinging
|
|
Batting: SHB Kevin Bass
|
0-0: Ball 1-0: Ball 2-0: SINGLE (Line Drive, 56D, EV 103.1 MPH)
|
|
Batting: LHB Ken Griffey Sr
|
0-0: Ball Kevin Bass steals 2nd, throwing error, E2 Kevin Bass to third 1-0: Ground out 3-1 (Groundball, 34, EV 89.4 MPH) Kevin Bass scores
|
|
Batting: LHB Keith Hernandez
|
0-0: Called Strike 0-1: Ball 1-1: Ball 2-1: Called Strike 2-2: SINGLE (Line Drive, 4MD, EV 98.1 MPH)
|
|
Batting: RHB Phil Bailey
|
0-0: Ball 1-0: Foul Ball, location: 2F 1-1: Foul Ball, location: 2F 1-2: Ball 2-2: Foul Ball, location: 2F 2-2: SINGLE (Flyball, 4D, EV 87.5 MPH) Keith Hernandez to second Keith Hernandez to third
|
|
Batting: RHB Dickie Thon
|
0-0: Ball 1-0: Swinging Strike 1-1: Ball 2-1: Ground out 4-3 (Groundball, 34, EV 80.6 MPH)
|
| Bottom of the 3rd over - 1 run, 3 hits, 1 error, 2 left on base; St. Louis 1 - San Francisco 1 |
| TOP OF THE 4TH |
|
St. Louis Cardinals batting - Pitching for San Francisco Giants : LHP Floyd Bannister
|
|
Batting: RHB Sixto Lezcano
|
0-0: Foul Ball, location: 2F 0-1: Swinging Strike 0-2: Ball 1-2: Ball 2-2: Ball 3-2: Foul Ball, location: 2F 3-2: Fly out, F7 (Flyball, 7S, EV 83.1 MPH)
|
|
Batting: RHB Bob Watson
|
0-0: DOUBLE (Flyball, 78XD, EV 100.6 MPH)
|
|
Batting: RHB Joe Torre
|
0-0: Ball 1-0: Ball 2-0: Swinging Strike 2-1: Fly out, F9 (Flyball, 89D, EV 95.6 MPH)
|
|
Batting: LHB Pat Putnam
|
0-0: Swinging Strike 0-1: Ball 1-1: Swinging Strike 1-2: 2-RUN HOME RUN (Flyball, 89XD, EV 92.5 MPH), Distance : 415 ft
|
|
Batting: RHB Pascual D'Annunzio
|
0-0: Ball 1-0: Ball 2-0: Ball 3-0: Base on Balls
|
|
Batting: RHB Steve Lubratich
|
0-0: Called Strike Pascual D'Annunzio steals 2nd base (no throw) 0-1: Fly out, F8 (Flyball, 8LD, EV 97.5 MPH)
|
| Top of the 4th over - 2 runs, 2 hits, 0 errors, 1 left on base; St. Louis 3 - San Francisco 1 |
| BOTTOM OF THE 4TH |
|
San Francisco Giants batting - Pitching for St. Louis Cardinals : RHP Tom Candiotti
|
|
Batting: SHB Tyler O'Dell
|
0-0: Ground out U3 (Groundball, 3, EV 81.9 MPH)
|
|
Batting: SHB Larry Reynolds
|
0-0: Ball 1-0: Ball 2-0: Ball 3-0: Base on Balls
|
|
Batting: LHB James Durrman
|
0-0: Ball Larry Reynolds steals 2nd base 1-0: SINGLE (Groundball, 34D, EV 96.9 MPH) Larry Reynolds to third Runner from 3rd tries for Home, SAFE, throw by RF to home
|
|
Batting: LHB Floyd Bannister
|
0-0: Sac Bunt to 3S - play at first, batter OUT! 3-4 James Durrman to second
|
|
Batting: SHB Kevin Bass
|
0-0: Ball 1-0: Fly out, F8 (Flyball, 89D, EV 90.0 MPH)
|
| Bottom of the 4th over - 1 run, 1 hit, 0 errors, 1 left on base; St. Louis 3 - San Francisco 2 |
| TOP OF THE 5TH |
|
St. Louis Cardinals batting - Pitching for San Francisco Giants : LHP Floyd Bannister
|
|
Batting: RHB Tom Candiotti
|
0-0: Fly out, F8 (Flyball, 8LD, EV 97.5 MPH)
|
|
Batting: SHB Otis Nixon
|
0-0: Ball 1-0: Ground out 6-3 (Groundball, 6, EV 110.0 MPH)
|
|
Batting: LHB Jim Gantner
|
0-0: Ball 1-0: Ball 2-0: Ball 3-0: Called Strike 3-1: Base on Balls
|
|
Batting: RHB Sixto Lezcano
|
0-0: Ball 1-0: SINGLE (Groundball, 25, EV 63.1 MPH) (infield hit) Jim Gantner to second
|
|
Batting: RHB Bob Watson
|
0-0: Fly out, F8 (Flyball, 8RD, EV 104.4 MPH)
|
| Top of the 5th over - 0 runs, 1 hit, 0 errors, 2 left on base; St. Louis 3 - San Francisco 2 |
| BOTTOM OF THE 5TH |
|
San Francisco Giants batting - Pitching for St. Louis Cardinals : RHP Tom Candiotti
|
|
Batting: LHB Ken Griffey Sr
|
0-0: Foul Ball, location: 2F 0-1: Swinging Strike 0-2: Foul Ball, location: 2F 0-2: Ball 1-2: Ground out 3-1 (Groundball, 34, EV 78.1 MPH)
|
|
Batting: LHB Keith Hernandez
|
0-0: Ball 1-0: Ball 2-0: Called Strike 2-1: Fly out, F1 (Line Drive, P, EV 68.1 MPH)
|
|
Batting: RHB Phil Bailey
|
0-0: SOLO HOME RUN (Flyball, 78XD, EV 108.8 MPH), Distance : 427 ft
|
|
Batting: RHB Dickie Thon
|
0-0: Foul Ball, location: 2F 0-1: Ball 1-1: Swinging Strike 1-2: Ball 2-2: Ball 3-2: DOUBLE (Line Drive, 78M, EV 108.8 MPH)
|
|
Batting: SHB Tyler O'Dell
|
0-0: Ball 1-0: Ground out 4-3 (Groundball, 4, EV 90.6 MPH)
|
| Bottom of the 5th over - 1 run, 2 hits, 0 errors, 1 left on base; St. Louis 3 - San Francisco 3 |
| TOP OF THE 6TH |
|
St. Louis Cardinals batting - Pitching for San Francisco Giants : LHP Floyd Bannister
|
|
Batting: RHB Joe Torre
|
0-0: Ball 1-0: Ball 2-0: Called Strike 2-1: Foul Ball, location: 2F 2-2: Foul Ball, location: 2F 2-2: Foul Ball, location: 2F 2-2: Ball 3-2: Foul Ball, location: 2F 3-2: SINGLE (Flyball, 34D, EV 92.5 MPH)
|
|
Batting: LHB Pat Putnam
|
0-0: Fly out, F7 (Flyball, 7S, EV 96.9 MPH)
|
|
Batting: RHB Pascual D'Annunzio
|
0-0: Called Strike 0-1: SINGLE (Groundball, 6MD, EV 105.6 MPH) Joe Torre to second Runner from 2nd tries for 3rd, SAFE, throw by CF made to third
|
|
Batting: RHB Steve Lubratich
|
0-0: Called Strike 0-1: Ball 1-1: Ball 2-1: Fly out, F7 (Flyball, 7, EV 85.0 MPH)
|
|
Batting: RHB Tom Candiotti
|
0-0: Ball 1-0: Swinging Strike 1-1: Fielders Choice at 2nd, 5-4 (Groundball, 56, EV 101.9 MPH)
|
| Top of the 6th over - 0 runs, 2 hits, 0 errors, 2 left on base; St. Louis 3 - San Francisco 3 |
| BOTTOM OF THE 6TH |
|
San Francisco Giants batting - Pitching for St. Louis Cardinals : RHP Tom Candiotti
|
|
Batting: SHB Larry Reynolds
|
0-0: Ball 1-0: Called Strike 1-1: Fly out, F9 (Line Drive, 9, EV 93.8 MPH)
|
|
Batting: LHB James Durrman
|
0-0: Ball 1-0: SINGLE (Line Drive, 56D, EV 96.3 MPH)
|
|
Batting: LHB Floyd Bannister
|
0-0: Sac Bunt to 13 - play at first, batter OUT! 1-4 James Durrman to second
|
|
Batting: SHB Kevin Bass
|
0-0: Ball 1-0: Foul Ball, location: 2F 1-1: Swinging Strike 1-2: Ball 2-2: Ball 3-2: Base on Balls
|
|
Batting: LHB Ken Griffey Sr
|
0-0: Ball 1-0: Called Strike 1-1: Ball 2-1: Swinging Strike 2-2: Ball 3-2: Ground out 4-3 (Groundball, 4, EV 105.6 MPH)
|
| Bottom of the 6th over - 0 runs, 1 hit, 0 errors, 2 left on base; St. Louis 3 - San Francisco 3 |
| TOP OF THE 7TH |
|
St. Louis Cardinals batting - Pitching for San Francisco Giants : LHP Floyd Bannister
|
|
Batting: SHB Otis Nixon
|
0-0: Ball 1-0: SINGLE (Line Drive, 9S, EV 97.5 MPH)
|
|
Batting: LHB Jim Gantner
|
0-0: SINGLE (Line Drive, 4D, EV 97.5 MPH) Otis Nixon to second Runner from 2nd tries for 3rd, SAFE, no throw by RF
|
|
Batting: RHB Sixto Lezcano
|
0-0: Fly out, F7 (Line Drive, 7D, EV 95.6 MPH) Runner from 3rd tags up, SCORES, no throw by LF
|
|
Batting: RHB Bob Watson
|
0-0: Called Strike 0-1: SINGLE (Flyball, 34D, EV 95.6 MPH) Jim Gantner to second
|
|
Batting: RHB Joe Torre
|
0-0: Foul Ball, location: 2F 0-1: Ball 1-1: SINGLE (Line Drive, 7S, EV 100.6 MPH) Jim Gantner to third Bob Watson to second Runner from 3rd tries for Home, SAFE, throw by LF to home
|
|
Pitching: LHP Ken Brett
|
|
|
Batting: LHB Pat Putnam
|
0-0: Fly out, F7 (Flyball, 78M, EV 98.8 MPH)
|
|
Batting: RHB Pascual D'Annunzio
|
0-0: Ball 1-0: Called Strike 1-1: Ball 2-1: Ball 3-1: Swinging Strike 3-2: Foul Ball, location: 2F 3-2: Fly out, F7 (Flyball, 78S, EV 95.6 MPH)
|
| Top of the 7th over - 2 runs, 4 hits, 0 errors, 2 left on base; St. Louis 5 - San Francisco 3 |
| BOTTOM OF THE 7TH |
|
San Francisco Giants batting - Pitching for St. Louis Cardinals : RHP Tom Candiotti
|
|
Batting: LHB Keith Hernandez
|
0-0: Called Strike 0-1: Swinging Strike 0-2: Foul Ball, location: 2F 0-2: Ground out 1-3 (Groundball, 34S, EV 71.3 MPH)
|
|
Batting: RHB Phil Bailey
|
0-0: Called Strike 0-1: Ground out 4-3 (Groundball, 4, EV 96.3 MPH)
|
|
Batting: RHB Dickie Thon
|
0-0: Ball 1-0: SINGLE (Line Drive, 6MD, EV 98.8 MPH)
|
|
Pitching: RHP Robert Arnold
|
|
|
Batting: SHB Tyler O'Dell
|
0-0: Ball 1-0: Ball 2-0: Foul Ball, location: 2F 2-1: Ball 3-1: Swinging Strike 3-2: Strikes out swinging
|
| Bottom of the 7th over - 0 runs, 1 hit, 0 errors, 1 left on base; St. Louis 5 - San Francisco 3 |
| TOP OF THE 8TH |
|
St. Louis Cardinals batting - Pitching for San Francisco Giants : LHP Ken Brett
|
|
Batting: RHB Steve Lubratich
|
0-0: Ball 1-0: Fly out, F9 (Flyball, 9, EV 89.4 MPH)
|
|
Pinch Hitting: LHB Mike Davis
|
0-0: Ball 1-0: Ball 2-0: Swinging Strike 2-1: SINGLE (Groundball, P, EV 90.6 MPH) (infield hit)
|
|
Batting: SHB Otis Nixon
|
0-0: Swinging Strike 0-1: Foul Ball, location: 2F 0-2: SINGLE (Groundball, 6S, EV 65.6 MPH) (infield hit) Mike Davis to second
|
|
Batting: LHB Jim Gantner
|
0-0: Fly out, F9 (Flyball, 9, EV 88.8 MPH)
|
|
Batting: RHB Sixto Lezcano
|
0-0: Ball 1-0: Foul Ball, location: 2F 1-1: SINGLE (Line Drive, 8RS, EV 94.4 MPH) Mike Davis to third Otis Nixon to second Runner from 3rd tries for Home, SAFE, throw by CF to home
|
|
Batting: RHB Bob Watson
|
0-0: Fly out, F8 (Line Drive, 8LD, EV 92.5 MPH)
|
| Top of the 8th over - 1 run, 3 hits, 0 errors, 2 left on base; St. Louis 6 - San Francisco 3 |
| BOTTOM OF THE 8TH |
|
San Francisco Giants batting - Pitching for St. Louis Cardinals : RHP Robert Arnold
|
|
Pitching: RHP Larry Andersen
|
|
|
Batting: SHB Larry Reynolds
|
0-0: Ball 1-0: Foul Ball, location: 2F 1-1: Swinging Strike 1-2: Strikes out looking
|
|
Batting: LHB James Durrman
|
0-0: Swinging Strike 0-1: SINGLE (Line Drive, 56D, EV 96.3 MPH)
|
|
Pinch Hitting: LHB Kevin Christensen
|
0-0: Ball 1-0: Ball 2-0: Swinging Strike 2-1: Ball 3-1: Fielders Choice at 2nd, 4-6 (Groundball, 34, EV 85.6 MPH)
|
|
Batting: SHB Kevin Bass
|
0-0: Ball 1-0: SINGLE (Groundball, 25, EV 73.8 MPH) (infield hit) Kevin Christensen to second
|
|
Batting: LHB Ken Griffey Sr
|
0-0: Called Strike 0-1: Ball 1-1: Ball 2-1: Swinging Strike 2-2: Strikes out swinging
|
| Bottom of the 8th over - 0 runs, 2 hits, 0 errors, 2 left on base; St. Louis 6 - San Francisco 3 |
| TOP OF THE 9TH |
|
St. Louis Cardinals batting - Pitching for San Francisco Giants : LHP Ken Brett
|
|
Pitching: RHP Dave Frost
|
|
|
Batting: RHB Joe Torre
|
0-0: Ball 1-0: Called Strike 1-1: Fly out, F7 (Flyball, 7LD, EV 91.9 MPH)
|
|
Batting: LHB Pat Putnam
|
0-0: Ball 1-0: Called Strike 1-1: Swinging Strike 1-2: Ground out 4-3 (Groundball, 4, EV 98.8 MPH)
|
|
Batting: RHB Pascual D'Annunzio
|
0-0: Ball 1-0: Ground out 3-1 (Groundball, 34, EV 79.4 MPH)
|
| Top of the 9th over - 0 runs, 0 hits, 0 errors, 0 left on base; St. Louis 6 - San Francisco 3 |
| BOTTOM OF THE 9TH |
|
San Francisco Giants batting - Pitching for St. Louis Cardinals : RHP Larry Andersen
|
|
Batting: LHB Keith Hernandez
|
0-0: Ball 1-0: Called Strike 1-1: SINGLE (Line Drive, 78S, EV 97.5 MPH)
|
|
Batting: RHB Phil Bailey
|
0-0: Ball 1-0: Ball 2-0: Fly out, F7 (Line Drive, 7D, EV 93.8 MPH)
|
|
Batting: RHB Dickie Thon
|
0-0: Ball 1-0: Called Strike 1-1: Ball 2-1: 2-RUN HOME RUN (Flyball, 89XD, EV 96.3 MPH), Distance : 448 ft
|
|
Batting: SHB Tyler O'Dell
|
0-0: Ball 1-0: Ball 2-0: Ball 3-0: Base on Balls
|
|
Batting: SHB Larry Reynolds
|
0-0: Ball 1-0: Foul Ball, location: 2F 1-1: Bunted foul 1-2: Ball 2-2: Ball 3-2: Foul Ball, location: 2F 3-2: Grounds into double play, 4-6-3 (Groundball, 34, EV 104.4 MPH)
|
| Bottom of the 9th over - 2 runs, 2 hits, 0 errors, 0 left on base; St. Louis 6 - San Francisco 5 |
|